[Event "Titled Tuesday Blitz October 31 Early 2023"]
[White "Leyva Rivera, Yunier"]
[Black "Weetik, Vjacheslav"]
[WhiteFideId "3505065"]
[BlackFideId "4153472"]
[WhiteElo "2424"]
[BlackElo "2764"]
[Result "1-0"]
[Round "1"]
[TimeControl "180+1"]
[Date "2023.10.31"]
[WhiteClock "0:00:59"]
[BlackClock "0:00:08"]
[Board "70"]

1. d4 Nf6 2. c4 g6 3. Nc3 Bg7 4. e4 d6 5. Be2 O-O 6. Bg5 Na6 7. Qd2 e5 8. d5 Nc5 9. f3 a5 10. g4 h6 11. Be3 h5 12. h3 Nh7 13. O-O-O h4 14. Kb1 Bf6 15. Rh2 Bg5 16. f4 exf4 17. Bxf4 Re8 18. Nf3 Bxf4 19. Qxf4 Qe7 20. Bd3 g5 21. Qe3 f6 22. Rf2 Bd7 23. Bc2 Nf8 24. e5 dxe5 25. Nd2 e4 26. Ndxe4 Nxe4 27. Nxe4 Ra6 28. Qd4 Nh7 29. d6 Rxd6 30. Nxd6 cxd6 31. Qxd6 Qxd6 32. Rxd6 Bc6 33. Bxh7+ Kxh7 34. Rdxf6 Re3 35. Rf7+ Kg8 36. Kc1 Rxh3 37. R7f5 Rg3 38. Rxg5+ Kh7 39. Rh5+ Kg6 40. Rxh4 Kg5 41. Rh7 Be4 42. Re7 Bc6 43. Re5+ Kxg4 44. Rxa5 Rg1+ 45. Kd2 Rb1 46. Kc3 Kg3 47. Raf5 1-0


[Site "https://www.chess.com"]

[Event "Titled Tuesday Blitz October 31 Early 2023"]
[White "Korchmar, Vasiliy"]
[Black "Rodriguez, Santiago"]
[WhiteFideId "24131750"]
[BlackFideId "3000591"]
[WhiteElo "2763"]
[BlackElo "2422"]
[Result "1-0"]
[Round "1"]
[TimeControl "180+1"]
[Date "2023.10.31"]
[WhiteClock "0:01:14"]
[BlackClock "0:00:47"]
[Board "71"]

1. e4 c5 2. d4 cxd4 3. Qxd4 Nf6 4. Nc3 Nc6 5. Qd3 d6 6. Nf3 g6 7. Be2 Bg7 8. O-O O-O 9. Nd5 Bg4 10. c3 Rb8 11. Bg5 Nxd5 12. exd5 Bxf3 13. Qxf3 Ne5 14. Qe3 b5 15. Qxa7 Re8 16. Qe3 Nc4 17. Qc1 Qa5 18. a4 Nxb2 19. Qxb2 Bxc3 20. axb5 Qxa1 21. Qxa1 Bxa1 22. Rxa1 f6 23. Be3 Rec8 24. Ba7 Ra8 25. b6 Rc2 26. b7 Rd8 27. Bb6 Rb8 28. Ra8 1-0


[Site "https://www.chess.com"]

[Event "Titled Tuesday Blitz October 31 Early 2023"]
[White "ChessLebaneseSalah"]
[Black "Costachi, Mihnea"]
[BlackFideId "1217518"]
[WhiteElo "2419"]
[BlackElo "2763"]
[Result "0-1"]
[Round "1"]
[TimeControl "180+1"]
[Date "2023.10.31"]
[WhiteClock "0:00:04"]
[BlackClock "0:00:26"]
[Board "72"]

1. e4 g6 2. d4 Bg7 3. f4 c6 4. Nf3 d5 5. e5 Bg4 6. Be2 Nh6 7. Nbd2 Nf5 8. Nb3 e6 9. O-O O-O 10. c3 b6 11. Ne1 Bxe2 12. Qxe2 Nd7 13. Nd3 a5 14. a4 c5 15. dxc5 Rc8 16. c6 Rxc6 17. g4 Ne7 18. Nd4 Rc8 19. f5 exf5 20. gxf5 gxf5 21. e6 Nc5 22. Nxc5 bxc5 23. exf7+ Rxf7 24. Ne6 Qb6 25. Nxg7 Rxg7+ 26. Kh1 d4 27. cxd4 cxd4 28. Bf4 Qc6+ 29. Qf3 Qxf3+ 30. Rxf3 Ng6 31. Rd1 Rd7 32. h4 Nxh4 33. Rg3+ Ng6 34. Be5 Re8 35. Rxd4 Rxd4 36. Bxd4 Re4 37. Rd3 Nf4 38. Rd2 Ne6 39. Rg2+ Kf7 40. Bc3 Rxa4 41. Rf2 f4 42. Kg2 Kg6 43. Re2 Ng5 44. Rd2 f3+ 45. Kf1 Ra1+ 46. Kf2 Ne4+ 47. Kxf3 Nxd2+ 48. Bxd2 a4 49. Bc3 Kf5 50. Bb4 h5 51. Ba3 h4 52. Bb4 Rf1+ 53. Kg2 Rc1 54. Kh2 Rc2+ 0-1


[Site "https://www.chess.com"]

[Event "Titled Tuesday Blitz October 31 Early 2023"]
[White "Hamitevici, Vladimir"]
[Black "Miszler, Levente"]
[WhiteFideId "13902393"]
[BlackFideId "763276"]
[WhiteElo "2762"]
[BlackElo "2415"]
[Result "1/2-1/2"]
[Round "1"]
[TimeControl "180+1"]
[Date "2023.10.31"]
[WhiteClock "0:00:16"]
[BlackClock "0:00:05"]
[Board "73"]

1. a3 g6 2. d4 Bg7 3. Nf3 d5 4. e3 Nf6 5. c4 c5 6. dxc5 O-O 7. Nc3 dxc4 8. Qxd8 Rxd8 9. Bxc4 Nbd7 10. c6 bxc6 11. O-O Nb6 12. Ba2 Nbd5 13. Ne5 Bb7 14. Nxf7 Kxf7 15. e4 e6 16. exd5 cxd5 17. Bd2 Ba6 18. Rfe1 Rab8 19. b4 Rdc8 20. Rac1 Bc4 21. Bf4 Rb6 22. Na4 Ra6 23. Bxc4 Rxc4 24. Rxc4 dxc4 25. Nc5 Rxa3 26. Nxe6 Nd5 27. Nd8+ Kg8 28. Bd6 Ra1 29. Rxa1 Bxa1 30. Nc6 Kf7 31. Be5 Bxe5 32. Nxe5+ Ke6 33. Nxc4 Nxb4 34. h4 Nc6 35. Kf1 a5 36. Ke2 Kf5 37. g3 a4 38. Nd6+ Ke5 39. Nf7+ Kd4 40. Kd2 a3 41. Kc2 Nb4+ 42. Kb3 a2 43. Kb2 Kd3 44. Ng5 h5 45. f3 Ke3 46. g4 Kf4 47. gxh5 gxh5 48. Ne4 Kxf3 49. Nf6 Kg3 50. Nxh5+ Kxh4 51. Nf4 Kg4 52. Nd3 Nxd3+ 53. Kxa2 1/2-1/2


[Site "https://www.chess.com"]

[Event "Titled Tuesday Blitz October 31 Early 2023"]
[White "Santos Flores, Alberto"]
[Black "Gorovets, Andrey"]
[WhiteFideId "3601234"]
[BlackFideId "13504037"]
[WhiteElo "2415"]
[BlackElo "2761"]
[Result "1-0"]
[Round "1"]
[TimeControl "180+1"]
[Date "2023.10.31"]
[WhiteClock "0:00:17"]
[BlackClock "0:00:08"]
[Board "74"]

1. e4 c5 2. Nf3 Nc6 3. Nc3 Nf6 4. d4 cxd4 5. Nxd4 e5 6. Ndb5 d6 7. Bg5 a6 8. Na3 Be6 9. Nc4 Rb8 10. Ne3 Be7 11. Bxf6 Bxf6 12. Ncd5 Bg5 13. Bc4 g6 14. c3 O-O 15. Bb3 Kh8 16. O-O Bh6 17. Qd3 f5 18. exf5 gxf5 19. f4 e4 20. Qe2 Bg7 21. Rad1 b5 22. Kh1 b4 23. Qxa6 Rc8 24. h3 bxc3 25. bxc3 Nb8 26. Qb5 Nd7 27. Nb6 Rc5 28. Qa6 Bxb3 29. Rxd6 Rxc3 30. Nxd7 Rd3 31. Rxd3 exd3 32. Nxf8 1-0


[Site "https://www.chess.com"]

[Event "Titled Tuesday Blitz October 31 Early 2023"]
[White "Taher, Yoseph Theolifus"]
[Black "Srebrnic, Marko"]
[WhiteFideId "7105347"]
[BlackFideId "14603616"]
[WhiteElo "2757"]
[BlackElo "2413"]
[Result "1-0"]
[Round "1"]
[TimeControl "180+1"]
[Date "2023.10.31"]
[WhiteClock "0:02:40"]
[BlackClock "0:00:16"]
[Board "75"]

1. d4 Nf6 2. Nc3 d5 3. Bf4 c6 4. e3 Bf5 5. Nf3 e6 6. Ne5 Nbd7 7. g4 Bg6 8. h4 Nxe5 9. dxe5 Ne4 10. Nxe4 Bxe4 11. f3 Qb6 12. fxe4 Qxb2 13. exd5 exd5 14. Rb1 Qxa2 15. Rxb7 Bc5 16. Bd3 Qa5+ 17. Ke2 O-O 18. h5 Rab8 19. Rxb8 Rxb8 20. h6 g6 21. Qa1 Qxa1 22. Rxa1 Rb4 23. c3 Rb2+ 24. Kf3 Kf8 25. c4 d4 26. Rb1 Ra2 27. Bg5 Ke8 28. exd4 Bxd4 29. Rb8+ Kd7 30. Rd8+ Ke6 31. Rd6+ Kxe5 32. Bf4# 1-0


[Site "https://www.chess.com"]

[Event "Titled Tuesday Blitz October 31 Early 2023"]
[White "Polaczek, Richard"]
[Black "Fecker, Noah"]
[WhiteFideId "200026"]
[BlackFideId "1334263"]
[WhiteElo "2411"]
[BlackElo "2753"]
[Result "0-1"]
[Round "1"]
[TimeControl "180+1"]
[Date "2023.10.31"]
[WhiteClock "0:00:12"]
[BlackClock "0:00:44"]
[Board "76"]

1. d4 Nf6 2. Bg5 e6 3. e4 h6 4. Bxf6 Qxf6 5. c3 d6 6. Bd3 e5 7. Ne2 Nc6 8. Na3 Bd7 9. Nc2 g6 10. O-O Bg7 11. f4 exd4 12. cxd4 O-O 13. e5 Qe7 14. f5 dxe5 15. fxg6 fxg6 16. Bxg6 exd4 17. Qd3 Ne5 18. Qb3+ Be6 19. Qg3 Nxg6 20. Qxg6 c5 21. Nf4 Bc4 22. Rf3 Rf6 23. Qg4 Bf7 24. Re1 Qd6 25. Nh5 Bxh5 26. Qxh5 Raf8 27. Rxf6 Qxf6 28. h3 Qf2+ 0-1


[Site "https://www.chess.com"]

[Event "Titled Tuesday Blitz October 31 Early 2023"]
[White "Schmakel, Sam"]
[Black "McBryde, Lamel"]
[WhiteFideId "2039311"]
[BlackFideId "2058596"]
[WhiteElo "2745"]
[BlackElo "2409"]
[Result "0-1"]
[Round "1"]
[TimeControl "180+1"]
[Date "2023.10.31"]
[WhiteClock "0:00:05"]
[BlackClock "0:00:04"]
[Board "77"]

1. Nf3 Nf6 2. b3 e6 3. Bb2 b6 4. g3 Bb7 5. Bg2 c5 6. O-O d6 7. c4 Nbd7 8. d4 cxd4 9. Qxd4 Qc7 10. Nc3 a6 11. Rfd1 Be7 12. Rac1 O-O 13. e4 Rac8 14. Qe3 Qb8 15. Nd4 Bd8 16. f3 Bc7 17. Kh1 Rfe8 18. Qd2 Rcd8 19. Nde2 Ne5 20. Nf4 Ng6 21. Nce2 Ne5 22. Nd4 d5 23. exd5 exd5 24. c5 bxc5 25. Rxc5 Ned7 26. Nc6 Bxf4 27. gxf4 Bxc6 28. Rxc6 Nh5 29. f5 Nf4 30. Bf1 Ne5 31. Rxa6 Nxf3 32. Qf2 Ng5 33. Qg3 f6 34. Bxf6 gxf6 35. Rxf6 Kh8 36. Qxg5 Rg8 37. Qh4 d4 38. Rc6 Rg7 39. f6 Rg6 40. f7 Rxc6 41. Bd3 Rg6 42. Bxg6 Qb7+ 0-1


[Site "https://www.chess.com"]

[Event "Titled Tuesday Blitz October 31 Early 2023"]
[White "Kukreja Sankalp"]
[Black "Srihari L R"]
[WhiteFideId "45027676"]
[BlackFideId "46617116"]
[WhiteElo "2408"]
[BlackElo "2740"]
[Result "0-1"]
[Round "1"]
[TimeControl "180+1"]
[Date "2023.10.31"]
[WhiteClock "0:00:05"]
[BlackClock "0:00:20"]
[Board "78"]

1. e4 d6 2. d4 Nf6 3. Bd3 e5 4. Nf3 Nc6 5. Be3 exd4 6. Nxd4 Ne5 7. O-O Be7 8. h3 O-O 9. f4 Nxd3 10. cxd3 c5 11. Nf3 d5 12. e5 Nd7 13. d4 f5 14. Nc3 cxd4 15. Nxd4 Nb6 16. Rc1 Kh8 17. Qd3 Bd7 18. b3 Rc8 19. Rfd1 a6 20. Nce2 Ba3 21. Rxc8 Nxc8 22. e6 Be8 23. Nxf5 Bg6 24. Neg3 Ne7 25. b4 Bxb4 26. Qd4 Bxf5 27. Qxb4 Bxe6 28. Bc5 Rf7 29. Re1 Nc6 30. Rxe6 Nxb4 31. Bxb4 h6 32. Nh5 Kh7 33. Bc3 Qc8 34. Re3 Qc4 35. Ng3 d4 36. Re4 Qxc3 0-1


[Site "https://www.chess.com"]

[Event "Titled Tuesday Blitz October 31 Early 2023"]
[White "Orozbaev, Eldiar"]
[Black "Bochnicka, Vladimir"]
[WhiteFideId "13802240"]
[BlackFideId "14943450"]
[WhiteElo "2739"]
[BlackElo "2406"]
[Result "0-1"]
[Round "1"]
[TimeControl "180+1"]
[Date "2023.10.31"]
[WhiteClock "0:02:47"]
[BlackClock "0:02:02"]
[Board "79"]

1. e4 c5 2. c3 Nf6 3. e5 Nd5 4. d4 cxd4 5. cxd4 Nc6 6. Nf3 d6 7. Bc4 Nb6 8. Bb5 dxe5 9. Nxe5 Bd7 10. Nc3 e6 11. O-O Bd6 12. Nxd7 Qxd7 13. d5 exd5 14. Re1+ 0-1


[Site "https://www.chess.com"]

[Event "Titled Tuesday Blitz October 31 Early 2023"]
[White "Xie, Bryan"]
[Black "Zhao, Erick"]
[WhiteFideId "30941296"]
[BlackFideId "30946930"]
[WhiteElo "2405"]
[BlackElo "2738"]
[Result "0-1"]
[Round "1"]
[TimeControl "180+1"]
[Date "2023.10.31"]
[WhiteClock "0:00:28"]
[BlackClock "0:01:51"]
[Board "80"]

1. e4 c5 2. Nf3 e6 3. d4 cxd4 4. Nxd4 a6 5. c4 Qc7 6. Nc3 Nf6 7. a3 Nc6 8. Be3 Ne5 9. Rc1 b6 10. Be2 Bb7 11. f3 Be7 12. O-O O-O 13. b4 Rac8 14. Na4 d6 15. Qd2 Nfd7 16. f4 Nc6 17. Bf3 Qb8 18. Rfd1 Bd8 19. Nc3 Nxd4 20. Bxd4 Rxc4 21. Qe3 e5 22. fxe5 dxe5 23. Bc5 bxc5 24. Rxd7 cxb4 25. axb4 Bc6 26. Rdd1 Bb6 0-1


[Site "https://www.chess.com"]

[Event "Titled Tuesday Blitz October 31 Early 2023"]
[White "Gubajdullin, Alexei"]
[Black "Ziatdinov, Raset"]
[WhiteFideId "4141202"]
[BlackFideId "2015323"]
[WhiteElo "2734"]
[BlackElo "2405"]
[Result "1-0"]
[Round "1"]
[TimeControl "180+1"]
[Date "2023.10.31"]
[WhiteClock "0:00:10"]
[BlackClock "0:00:15"]
[Board "81"]

1. d4 Nf6 2. Nf3 g6 3. Bf4 Bg7 4. e3 O-O 5. Be2 d5 6. O-O b6 7. c3 Bb7 8. Ne5 c5 9. Nd2 Nc6 10. a4 Nd7 11. Nxc6 Bxc6 12. a5 e5 13. dxe5 Nxe5 14. Bxe5 Bxe5 15. Bf3 Qd7 16. axb6 axb6 17. Qb3 Qb7 18. c4 d4 19. Bxc6 Qxc6 20. Nf3 Bf6 21. exd4 cxd4 22. Qd3 Qc5 23. g3 Rfd8 24. h4 h5 25. Nd2 Qb4 26. Ne4 Bg7 27. b3 Re8 28. Qf3 Ra3 29. Rxa3 Qxa3 30. Ng5 Rf8 31. Re1 Qb4 32. Rd1 b5 33. cxb5 Qxb5 34. Rd3 Qc5 35. Kg2 Qb4 36. Qd5 Qe7 37. Rf3 Bf6 38. Ne4 Bg7 39. Ng5 Qe5 40. Qc4 Qe7 41. b4 Bf6 42. Nh3 Be5 43. b5 Qd6 44. Ng5 Qc7 45. Qd5 Qd6 46. Qb3 Qc7 47. b6 Qb7 48. Kh2 Bg7 49. Rf4 Be5 50. Re4 Bf6 51. Re1 Bxg5 52. hxg5 Rb8 53. Rb1 Qc6 54. b7 d3 55. Qb4 d2 56. Qxd2 Rxb7 57. Qd8+ Kh7 58. Re1 Qb6 59. Qxb6 Rxb6 60. Re7 Kg7 61. Kg2 Re6 62. Rxe6 fxe6 63. Kf3 Kf7 64. Ke4 Kf8 65. Ke5 Ke7 66. f3 Kf7 67. Kd6 e5 68. Kxe5 Ke7 69. f4 Kf7 70. Kd6 Kg7 71. Ke6 1-0


[Site "https://www.chess.com"]

[Event "Titled Tuesday Blitz October 31 Early 2023"]
[White "Luong Phuong Hanh"]
[Black "Krzyzanowski, Marcin"]
[WhiteFideId "12401013"]
[BlackFideId "1132199"]
[WhiteElo "2404"]
[BlackElo "2733"]
[Result "0-1"]
[Round "1"]
[TimeControl "180+1"]
[Date "2023.10.31"]
[WhiteClock "0:00:12"]
[BlackClock "0:00:16"]
[Board "82"]

1. d4 Nf6 2. Nf3 g6 3. g3 Bg7 4. Bg2 b5 5. O-O Bb7 6. c3 O-O 7. Nbd2 a5 8. Re1 d5 9. Ne5 e6 10. a3 Nbd7 11. a4 b4 12. Nxd7 Qxd7 13. Nb3 Ne4 14. cxb4 axb4 15. f3 Nd6 16. Nc5 Qc8 17. e3 Bc6 18. Kh1 h5 19. Bd2 Rb8 20. Qe2 e5 21. Na6 Rb6 22. Nxb4 exd4 23. a5 Bb5 24. Qf2 dxe3 25. Bxe3 Rb8 26. Nxd5 Kh7 27. Rac1 c6 28. Nb6 Qf5 29. Bf4 Rbd8 30. Rcd1 Nb7 31. b4 Bc3 32. Bd2 Rxd2 33. Rxd2 Bxb4 34. Nd7 Rd8 35. Red1 Bxd2 36. Qxd2 c5 37. a6 Rxd7 38. Qxd7 Bxd7 39. axb7 Qc2 40. Re1 Qb2 41. h4 Qxb7 42. Re7 Kg7 43. Kh2 Qc8 44. f4 Be6 45. Ra7 c4 46. Ra1 c3 47. Rc1 c2 48. Be4 Bf5 49. Rxc2 Qxc2+ 50. Bxc2 Bxc2 0-1


[Site "https://www.chess.com"]

[Event "Titled Tuesday Blitz October 31 Early 2023"]
[White "Maximov, Dmitry"]
[Black "Spichkin, Alexander"]
[WhiteFideId "14105659"]
[BlackFideId "4144074"]
[WhiteElo "2731"]
[BlackElo "2403"]
[Result "0-1"]
[Round "1"]
[TimeControl "180+1"]
[Date "2023.10.31"]
[WhiteClock "0:00:11"]
[BlackClock "0:00:24"]
[Board "83"]

1. e4 e5 2. Nf3 d5 3. Qe2 Nf6 4. Nxe5 dxe4 5. Qc4 Be6 6. Qb5+ Nbd7 7. Nxd7 Bxd7 8. Qxb7 Bc5 9. Nc3 O-O 10. Be2 Rb8 11. Qa6 Re8 12. O-O Re5 13. d4 Bxd4 14. Bf4 Rf5 15. Bg3 Rxb2 16. Qc4 c5 17. Rab1 Be6 18. Rxb2 Bxc4 19. Rb8 Qxb8 20. Bxb8 Bxe2 21. Nxe2 e3 22. f3 Rd5 23. Rb1 Nd7 24. Bxa7 f5 25. Kf1 g5 26. g3 h5 27. a4 Ne5 28. c3 Nxf3 29. Rb8+ Kf7 30. cxd4 cxd4 31. Kg2 Ne1+ 32. Kf1 Nf3 33. Rb7+ Ke8 34. Rb5 Rd7 35. Bb6 d3 36. Bxe3 Nxh2+ 37. Ke1 Nf3+ 38. Kf2 d2 39. Bxd2 Nxd2 40. Rxf5 Ra7 41. a5 Ke7 42. Rxg5 Ne4+ 43. Ke3 Nxg5 44. Nd4 Kf6 45. Nc6 Ra6 46. Nd4 Rxa5 47. Ne2 Ra3+ 48. Kf2 Ra2 49. Ke3 Rxe2+ 50. Kxe2 Kf5 51. Kf2 Kg4 52. Kg2 Ne4 53. Kh2 Nxg3 54. Kg2 Nf5 55. Kh2 h4 56. Kg2 h3+ 57. Kh2 Ne3 58. Kg1 Kg3 59. Kh1 Ng4 60. Kg1 h2+ 0-1


[Site "https://www.chess.com"]

[Event "Titled Tuesday Blitz October 31 Early 2023"]
[White "UK_23"]
[Black "Kislinsky, Alexey"]
[BlackFideId "14108801"]
[WhiteElo "2400"]
[BlackElo "2729"]
[Result "0-1"]
[Round "1"]
[TimeControl "180+1"]
[Date "2023.10.31"]
[WhiteClock "0:00:13"]
[BlackClock "0:00:27"]
[Board "84"]

1. e4 c5 2. Nf3 Nc6 3. Bb5 Nf6 4. e5 Nd5 5. Nc3 Nc7 6. Bxc6 dxc6 7. O-O h6 8. Ne4 b6 9. d3 g5 10. a4 Bf5 11. Ng3 Bg6 12. h3 Ne6 13. a5 Bg7 14. Qe2 b5 15. Re1 Qd7 16. a6 Rd8 17. Be3 Qd5 18. Bd2 O-O 19. b3 Rd7 20. Rad1 Rfd8 21. Ba5 Nf4 22. Qf1 Rc8 23. c4 Qe6 24. Bc3 Rxd3 25. Re3 bxc4 26. bxc4 Rcd8 27. Rexd3 Bxd3 28. Qe1 Qxc4 29. Bb2 Rd5 30. Qa5 Qb5 31. Qa1 Bg6 32. Kh2 Nd3 33. Bc3 Nb4 34. Rxd5 cxd5 35. e6 f6 36. h4 d4 37. Bxb4 Qxb4 38. h5 Be8 39. Qe1 Qxe1 40. Nxe1 f5 41. Nxf5 Bf6 42. g4 Kh7 43. f4 gxf4 44. Nf3 c4 45. N3xd4 c3 46. Kg2 Ba4 47. Kf2 c2 48. Nxc2 Bxc2 49. Kf3 Bxf5 50. gxf5 Be5 51. Ke4 Bd6 52. Kf3 Kg7 53. Ke4 Kf6 0-1


[Site "https://www.chess.com"]

[Event "Titled Tuesday Blitz October 31 Early 2023"]
[White "Danielyan, Vahe"]
[Black "Hoffmann, Asa"]
[WhiteFideId "13304828"]
[BlackFideId "2001470"]
[WhiteElo "2729"]
[BlackElo "2397"]
[Result "1-0"]
[Round "1"]
[TimeControl "180+1"]
[Date "2023.10.31"]
[WhiteClock "0:00:08"]
[BlackClock "0:00:00"]
[Board "85"]

1. d4 Nf6 2. c4 c5 3. d5 e5 4. Nc3 d6 5. e4 Be7 6. h3 Nbd7 7. g4 Nf8 8. Bd3 Ng6 9. Nge2 Nh4 10. Ng3 h6 11. Nf5 Bxf5 12. exf5 Qa5 13. Bd2 Qc7 14. Ne4 Nxe4 15. Bxe4 Bg5 16. Qa4+ Kf8 17. Ba5 Qe7 18. Bc3 a6 19. Qb3 g6 20. Qb6 Kg7 21. Ke2 Rab8 22. Rhg1 Qd8 23. Qxd8 Rbxd8 24. Raf1 b5 25. f4 b4 26. f6+ Bxf6 27. fxe5 Bxe5 28. Bxe5+ dxe5 29. Ke3 Rhf8 30. Rf2 Rd6 31. Rgf1 a5 32. Bc2 f6 33. Be4 g5 34. a3 Ng6 35. axb4 axb4 36. Ra1 Rf7 37. Rff1 Nf4 38. Ra8 Rdd7 39. Rfa1 h5 40. Bf5 Rc7 41. R1a6 hxg4 42. hxg4 Ng6 43. Rb6 Rb7 44. Rc6 Rbc7 45. Raa6 Rxc6 46. Rxc6 Ne7 47. Rxc5 Nxf5+ 48. gxf5 g4 49. d6 Kh6 50. Rc7 Rf8 51. d7 Rd8 52. c5 Kg5 53. c6 Kxf5 54. Rc8 1-0


[Site "https://www.chess.com"]

[Event "Titled Tuesday Blitz October 31 Early 2023"]
[White "Bashirli, Saadat"]
[Black "Halkias, Stelios"]
[WhiteFideId "13429990"]
[BlackFideId "4201809"]
[WhiteElo "2397"]
[BlackElo "2727"]
[Result "0-1"]
[Round "1"]
[TimeControl "180+1"]
[Date "2023.10.31"]
[WhiteClock "0:00:09"]
[BlackClock "0:00:30"]
[Board "86"]

1. e4 e5 2. Nf3 Nc6 3. Bc4 Bc5 4. c3 Nf6 5. d3 d6 6. O-O h6 7. Nbd2 O-O 8. Bb3 a5 9. a4 Be6 10. Bc2 Re8 11. Re1 Ba7 12. h3 Ne7 13. Nf1 Ng6 14. d4 c6 15. Ng3 Qc7 16. Be3 Kh8 17. Qe2 exd4 18. cxd4 Rad8 19. Rad1 Bb8 20. Qf1 Qc8 21. Kh1 b5 22. axb5 cxb5 23. Bd3 b4 24. Rc1 Qb7 25. d5 Bd7 26. Ba6 Qa8 27. Bb6 Ba7 28. Bxd8 Rxd8 29. Bd3 Nf4 30. Bb1 Bc5 31. Ne2 Bb5 32. g3 Nxe2 33. Rxe2 Re8 34. Rce1 a4 35. Kg2 a3 36. bxa3 bxa3 37. Qg1 Bxe2 38. Rxe2 Nxd5 39. Qc1 Nb4 40. e5 a2 41. Bxa2 Nxa2 42. Qc4 Nb4 43. Qxf7 Rf8 44. Qh5 Nc6 45. exd6 Nd4 46. Re3 Nxf3 47. Rxf3 Rxf3 48. Qxf3 Qxf3+ 49. Kxf3 Bxd6 50. Ke4 Kg8 51. f4 Kf7 52. g4 Ke6 53. h4 Bc7 54. f5+ Kf6 55. Kd5 Bg3 56. h5 Kg5 57. Ke6 Be1 58. Kf7 Bc3 59. Kg8 Bf6 60. Kh7 Kxg4 61. Kg6 Kf4 62. Kh7 Kxf5 63. Kh8 Kg5 64. Kh7 Kxh5 65. Kh8 Kg5 66. Kg8 h5 67. Kh8 h4 68. Kh7 h3 69. Kh8 h2 70. Kg8 Kg6 71. Kh8 h1=Q+ 72. Kg8 Qa8# 0-1


[Site "https://www.chess.com"]

[Event "Titled Tuesday Blitz October 31 Early 2023"]
[White "NovozhilovSemen"]
[Black "Jackalhead_Anubis"]
[WhiteElo "2727"]
[BlackElo "2396"]
[Result "1-0"]
[Round "1"]
[TimeControl "180+1"]
[Date "2023.10.31"]
[WhiteClock "0:01:04"]
[BlackClock "0:01:24"]
[Board "87"]

1. d4 d5 2. c4 dxc4 3. e3 Nf6 4. Bxc4 e6 5. Nf3 c5 6. O-O a6 7. a4 Nc6 8. Qe2 cxd4 9. Rd1 Be7 10. exd4 O-O 11. Nc3 Nb4 12. Ne5 b6 13. Bg5 Bb7 14. Rac1 Nfd5 15. Bd2 Rc8 16. Nxd5 exd5 17. Bxb4 dxc4 18. Nc6 Bxc6 19. Bxe7 Qd5 20. Qg4 f5 21. Qg3 f4 22. Qg4 Rf7 23. Qxc8+ 1-0


[Site "https://www.chess.com"]

[Event "Titled Tuesday Blitz October 31 Early 2023"]
[White "Goldin, Roman"]
[Black "Fier, Alexandr"]
[WhiteFideId "2803860"]
[BlackFideId "2107139"]
[WhiteElo "2392"]
[BlackElo "2726"]
[Result "0-1"]
[Round "1"]
[TimeControl "180+1"]
[Date "2023.10.31"]
[WhiteClock "0:00:00"]
[BlackClock "0:02:03"]
[Board "88"]

1. e4 e5 2. Nf3 Nf6 3. Nxe5 d6 4. Nc4 Nxe4 5. d4 d5 6. Ne3 Be7 7. Bd3 O-O 8. O-O c6 9. c3 f5 10. f3 Nd6 11. Qc2 Nd7 12. g3 Nf6 13. Ng2 h6 14. Bf4 Be6 15. Nd2 Qd7 16. Rae1 Rae8 17. Re2 Nde4 18. fxe4 fxe4 19. Nxe4 dxe4 20. Bxe4 Nxe4 21. Qxe4 Bc4 22. Rfe1 Bxe2 23. Qxe2 Bf6 24. Qc4+ Qf7 25. Qxf7+ Kxf7 26. Rxe8 Rxe8 27. Kf2 b5 28. g4 b4 29. Ne3 bxc3 30. bxc3 g5 31. Bg3 Kg6 32. h3 Re7 33. Bd6 Rb7 34. Nc4 Rb1 35. a4 Rc1 36. Bb4 c5 37. dxc5 Bxc3 38. Bxc3 Rxc3 39. Ne5+ Kg7 40. Nc6 Rxc5 41. Nxa7 Ra5 42. Nc6 Rxa4 43. Ne5 Ra3 44. Kg2 Kf6 45. Nf3 Ke6 46. Nd4+ Ke5 47. Nf5 h5 0-1


[Site "https://www.chess.com"]

[Event "Titled Tuesday Blitz October 31 Early 2023"]
[White "BardArtem"]
[Black "Lebedev, Artem S."]
[BlackFideId "34272747"]
[WhiteElo "2724"]
[BlackElo "2389"]
[Result "1-0"]
[Round "1"]
[TimeControl "180+1"]
[Date "2023.10.31"]
[WhiteClock "0:00:58"]
[BlackClock "0:00:00"]
[Board "89"]

1. e4 e5 2. d4 exd4 3. Qxd4 Nc6 4. Qd3 Nf6 5. Nc3 Bb4 6. Ne2 O-O 7. Bd2 Ne5 8. Qg3 Nc4 9. Bg5 Nxe4 10. Bxd8 Nxg3 11. Nxg3 Nxb2 12. Ne2 Na4 13. Be7 Bxe7 14. Nxa4 b5 15. Nac3 b4 16. Nd5 Bd6 17. Rd1 Re8 18. Ne3 Bb7 19. Nd4 Bf8 20. Nb5 Rec8 21. Rxd7 Rd8 22. Rxc7 Ba6 23. Rxa7 b3 24. Rxa8 b2 25. Nc3 Bb4 26. Rxd8+ 1-0


[Site "https://www.chess.com"]

[Event "Titled Tuesday Blitz October 31 Early 2023"]
[White "MarijaKuznecova"]
[Black "Csonka, Balazs"]
[BlackFideId "742910"]
[WhiteElo "2386"]
[BlackElo "2724"]
[Result "0-1"]
[Round "1"]
[TimeControl "180+1"]
[Date "2023.10.31"]
[WhiteClock "0:00:02"]
[BlackClock "0:00:18"]
[Board "90"]

1. e4 c5 2. Nf3 d6 3. d4 cxd4 4. Nxd4 Nf6 5. Nc3 Nc6 6. Bg5 e6 7. Qd3 Be7 8. O-O-O O-O 9. f4 Qb6 10. Ndb5 Rd8 11. Qg3 Kh8 12. f5 Ne5 13. Bf4 exf5 14. Bg5 Be6 15. exf5 Bxf5 16. Bd3 Nxd3+ 17. cxd3 Rac8 18. Kb1 Bg6 19. Be3 Qa5 20. Nxa7 Rxc3 21. bxc3 Nd5 22. Bd4 Nxc3+ 23. Bxc3 Qxc3 24. Qe3 Bf6 25. Nb5 Qb2# 0-1


[Site "https://www.chess.com"]

[Event "Titled Tuesday Blitz October 31 Early 2023"]
[White "Karthik Rajaa"]
[Black "Matveeva, Olga"]
[WhiteFideId "25035215"]
[BlackFideId "24107018"]
[WhiteElo "2722"]
[BlackElo "2386"]
[Result "1-0"]
[Round "1"]
[TimeControl "180+1"]
[Date "2023.10.31"]
[WhiteClock "0:00:32"]
[BlackClock "0:00:00"]
[Board "91"]

1. Nf3 d5 2. c4 e6 3. g3 Nf6 4. Bg2 Be7 5. O-O O-O 6. d4 dxc4 7. Qc2 a6 8. a4 Bd7 9. Rd1 Bc6 10. Nc3 a5 11. e4 Na6 12. Ne5 Nb4 13. Qe2 Rc8 14. Nxc6 Nxc6 15. Qxc4 Nb4 16. Qe2 c6 17. h3 Qb6 18. Be3 Qa6 19. Qxa6 Nxa6 20. Rac1 Nb4 21. g4 h6 22. f3 Rfd8 23. Bf1 Rd7 24. Rd2 g5 25. Rcd1 Kg7 26. Bf2 Bd8 27. h4 Bb6 28. hxg5 hxg5 29. Be3 Kg6 30. Ne2 Rcd8 31. Kf2 Rh8 32. Bg2 Rdd8 33. Nc1 Nd7 34. Nb3 f5 35. gxf5+ exf5 36. exf5+ Kxf5 37. Nc5 Nd5 38. Nxb7 Rb8 39. Nd6+ Ke6 40. Nc4 Bc7 41. Bxg5 Rbf8 42. Re2+ Kf5 43. Be7 Nxe7 44. Rxe7 Rd8 45. d5 cxd5 46. Rxd5+ Kf6 47. Rexd7 1-0


[Site "https://www.chess.com"]

[Event "Titled Tuesday Blitz October 31 Early 2023"]
[White "Baghdasaryan, Vahe"]
[Black "Kosteniuk, Alexandra"]
[WhiteFideId "13303139"]
[BlackFideId "4128125"]
[WhiteElo "2385"]
[BlackElo "2721"]
[Result "0-1"]
[Round "1"]
[TimeControl "180+1"]
[Date "2023.10.31"]
[WhiteClock "0:01:23"]
[BlackClock "0:01:55"]
[Board "92"]

1. e4 c6 2. c4 d5 3. exd5 cxd5 4. cxd5 Nf6 5. Nc3 Nxd5 6. Nf3 g6 7. Qb3 Nb6 8. d4 Bg7 9. a4 Nc6 10. d5 Nb8 11. a5 N6d7 12. Be3 O-O 13. h4 Nf6 14. Bc4 Nbd7 15. O-O Ng4 0-1


[Site "https://www.chess.com"]